Map: Cactus Valley LE (Void)

Players

tAlion

  • Race: Terran Terran
  • League: Diamond
  • Spawn Location: 11:00

Musumeci - Winner!

  • Race: Zerg Zerg
  • League: Diamond
  • Spawn Location: 7:00

VOD

Have the link to the VOD?

Description

Time

  • Played on: March 31, 2017, 5:28 p.m.
  • Length: 24:47
Show
View Real Time Build Order
Export as new Build Order

tAlion Terran 

Build Orders: Reaper Expand, MMM Bio 

Get SALT Encoding   

  12  0:03  SCV  
  13  0:15  SCV  
  14  0:22  Supply Depot  
  14  0:27  SCV  
  15  0:39  Refinery  
  15  0:44  SCV  
  15  0:46  Barracks  
  16  0:56  SCV  
  17  1:09  SCV  
  18  1:21  SCV  
  19  1:33  Reaper  
  19  1:35  Orbital Command  
  20  1:55  Command Center  
  20  2:01  SCV  
  22  2:13  SCV  
  22  2:21  Barracks Tech Lab  
  22  2:24  Factory  
  22  2:25  SCV  
  23  2:38  SCV  
  23  2:54  Supply Depot  
  23  3:07  Stimpack  
  23  3:11  Barracks  
  23  3:12  Refinery  
  23  3:15  Marine  
  23  3:16  SCV, Supply Depot  
  25  3:26  Barracks  
  26  3:29  Orbital Command  
  25  3:36  Starport  
  25  3:40  Factory Reactor  
  25  3:42  SCV  
  25  3:43  Marine  
  27  3:54  SCV  
  28  3:56  Supply Depot  
  28  3:58  SCV  
  28  4:00  Barracks Reactor  
  28  4:01  Marine  
  30  4:06  SCV  
  31  4:10  SCV  
  31  4:14  Barracks Reactor  
  32  4:18  SCV  
  32  4:19  Marine  
  32  4:22  SCV  
  35  4:27  Medivac, Factory Reactor  
  35  4:30  SCV  
  38  4:34  Refinery, SCV  
  38  4:35  Marine  
  38  4:36  Marine  
  38  4:37  Marine  
  42  4:45  Medivac  
  44  4:46  SCV  
  44  4:48  SCV  
  44  4:51  Refinery, Marine x2  
  48  4:53  Marine  
  48  4:54  Marine x2, Supply Depot  
  48  4:56  Engineering Bay  
  48  4:58  SCV  
  52  5:01  Engineering Bay  
  52  5:09  Marine x2  
  52  5:11  Marine  
  52  5:12  Marine x2  
  57  5:14  Medivac  
  57  5:18  SCV x2  
  61  5:26  Terran Infantry Weapons Level 1  
  61  5:27  Marine x2  
  63  5:29  Marine x2  
  63  5:30  SCV  
  63  5:32  Marine  
  63  5:34  Combat Shields  
  67  5:49  Marine x3  
  70  5:56  Marine  
  70  5:59  Widow Mine  
  70  6:00  Marauder  
  69  6:05  SCV  
  70  6:15  Widow Mine, Supply Depot, SCV, Marine x3, Medivac, Terran Infantry Armor Level 1  
  78  6:21  Supply Depot  
  78  6:36  Marine x3  
  78  6:37  Marauder, SCV x2, Supply Depot  
  85  6:41  Marine  
  85  6:42  Widow Mine  
  85  6:43  Widow Mine  
  90  6:49  SCV x2  
  90  6:53  Supply Depot  
  92  6:54  Marine x2  
  92  6:58  Marine x2  
  92  6:59  Marine  
  92  7:01  SCV x2  
  99  7:07  Medivac  
  100  7:12  Marine x2  
  100  7:14  Widow Mine x2  
  106  7:16  SCV, Marine  
  106  7:17  Marauder  
  106  7:21  Supply Depot  
  110  7:26  Armory  
  110  7:37  Supply Depot  
  110  7:43  SCV x2, Marine x5  
  117  7:56  Widow Mine  
  117  7:58  Widow Mine, SCV x2  
  118  8:01  Marine x4  
  126  8:13  Supply Depot  
  126  8:14  Marine, Supply Depot  
  126  8:15  SCV  
  126  8:16  SCV  
  126  8:18  Marine x3  
  90  8:41  Widow Mine, Marine x5  
  89  8:42  Widow Mine  
  89  8:43  SCV x2  
  97  8:51  Medivac  
  97  8:52  Medivac  
  101  8:56  Supply Depot  
  101  8:58  Marine  
  101  8:59  Marine  
  103  9:07  Terran Infantry Weapons Level 2, Terran Infantry Armor Level 2, Factory  
  103  9:14  Command Center  
  103  9:22  Marine  
  103  9:23  Marauder, Marine x2  
  108  9:30  Marine  
  109  9:34  Supply Depot  
  109  9:40  Marine x2  
  109  9:41  Marine  
  109  9:43  Medivac  
  109  9:45  Marauder  
  116  9:46  Barracks  
  116  9:55  Marine  
  116  9:56  Factory Tech Lab  
  116  9:57  Factory Tech Lab  
  116  9:58  Marine x2  
  119  10:02  Marine  
  119  10:04  Medivac  
  119  10:05  Marine, Supply Depot  
  123  10:12  Marine  
  122  10:16  Marine x2  
  122  10:17  Siege Tank x2  
  122  10:18  Unknown  
  130  10:30  Marine x2  
  130  10:31  Marauder  
  130  10:32  SCV  
  135  10:37  Orbital Command  
  135  10:41  Marine x2  
  137  10:49  Siege Tank  
  140  10:55  Marine x2  
  140  10:56  Marine, Siege Tank  
  131  11:08  Marine x2  
  131  11:10  Medivac x2  
  133  11:13  Marine x3  
  126  11:21  Siege Tank  
  115  11:26  Marine x2  
  115  11:28  Siege Tank  
  115  11:31  Marine x3  
  100  11:41  Medivac  
  100  11:43  Unknown x2  
  100  11:44  Marine x2  
  92  11:49  Marine x3  
  92  11:53  Siege Tank  
  92  12:01  Marine x2  
  92  12:07  Marine x2  
  92  12:23  Marine x2  
  92  12:27  Marine x2  
  96  12:35  Command Center  
  96  12:39  Marine  
Show
View Real Time Build Order
Export as new Build Order

Musumeci Zerg - Winner!

Build Orders: Hatch First 

Get SALT Encoding   

  12  0:02  Drone  
  13  0:09  Drone  
  14  0:18  Extractor  
  14  0:19  Drone  
  15  0:41  Hatchery  
  14  0:47  Drone, Extractor  
  15  1:01  Spawning Pool  
  14  1:10  Extractor  
  13  1:12  Drone x2, Extractor  
  16  1:30  Overlord  
  16  1:51  Drone x2  
  16  1:52  Queen  
  16  1:53  Drone  
  21  1:54  Drone  
  21  1:56  Queen  
  24  2:02  Drone  
  24  2:07  Overlord  
  25  2:12  Drone  
  25  2:14  Drone  
  27  2:23  Drone  
  27  2:28  Queen  
  30  2:36  Queen  
  32  2:44  Drone x3  
  35  2:54  Drone  
  35  2:57  Overlord  
  36  3:05  Drone  
  36  3:19  Drone x7  
  43  3:26  Hatchery  
  42  3:28  Extractor  
  42  3:29  Drone  
  42  3:30  Extractor  
  42  3:31  Roach Warren  
  40  3:45  Drone x4  
  40  3:46  Evolution Chamber  
  40  3:48  Evolution Chamber, Overlord  
  43  3:52  Overlord  
  42  4:15  Drone x5  
  47  4:19  Roach  
  49  4:29  Roach  
  49  4:30  Roach  
  53  4:35  Roach  
  55  4:42  Roach  
  55  4:45  Drone x3  
  59  4:46  Extractor  
  59  4:47  Overlord x3  
  59  4:59  Overlord x2  
  59  5:04  Extractor  
  58  5:07  Overlord  
  58  5:12  Roach x5  
  68  5:32  Spore Crawler  
  68  5:33  Spore Crawler  
  68  5:34  Roach x2  
  68  5:35  Spore Crawler  
  69  5:36  Zerg Missile Weapons Level 1, Spore Crawler  
  64  6:12  Drone x2  
  64  6:13  Drone x13  
  64  6:14  Drone  
  64  6:17  Extractor x2  
  64  6:18  Drone x3  
  81  6:19  Drone x3  
  84  6:34  Drone x3  
  84  6:35  Drone  
  88  6:42  Lair  
  88  6:45  Zerg Ground Armor Level 1  
  88  6:46  Roach x5  
  88  6:47  Roach  
  102  7:08  Roach  
  102  7:09  Roach x2, Overlord  
  102  7:10  Overlord x4  
  106  7:30  Ravager x12  
  106  7:32  Roach  
  120  7:51  Roach x13  
  144  7:58  Glial Reconstitution  
  146  8:08  Overlord x6  
  109  8:49  Drone x2  
  109  8:50  Drone x3  
  109  8:51  Drone x3  
  109  8:52  Drone x2  
  119  8:56  Drone x2  
  119  8:58  Queen  
  123  9:03  Drone  
  123  9:04  Drone  
  123  9:08  Zerg Missile Weapons Level 2, Zerg Ground Armor Level 2  
  123  9:09  Overseer  
  125  9:11  Extractor  
  125  9:12  Hatchery  
  125  9:13  Roach x9  
  125  9:15  Extractor, Ravager x3  
  125  9:16  Ravager x2  
  145  9:36  Roach x11  
  167  9:45  Overlord  
  167  10:04  Drone  
  168  10:20  Roach  
  168  10:21  Roach x9  
  188  10:32  Roach x6  
  188  10:33  Infestation Pit  
  191  11:14  Roach x3  
  113  11:56  Roach x13  
  113  11:57  Roach x4  
  133  12:17  Hive  
  125  12:24  Ravager  
  125  12:25  Ravager x22  
  125  12:26  Ravager x3  
  151  12:31  Roach x4  
  151  12:32  Roach x5  
  160  17:31  Ravager  
  160  17:33  Ravager x6  
  160  18:26  Roach x9  
  160  18:52  Ravager  
  160  18:53  Ravager x8  
  160  20:43  Zergling x18  
  160  20:44  Zergling x46  
  160  24:41  Hatchery  
Tags
 
Add a new tag
Caveats
  • Supply blocks, unpowered buildings, or Contaminate may cause inaccurate times.
  • Supply counts are checked every 10 seconds.